 Dungeon Crawl Stone Soup version 0.25.1-2-g60ff931df9 (webtiles) character file.

Game seed: 13020367730638831130

1857 MajorAdolf the Cleaver (level 9, -7/81 HPs)
             Began as a Naga Wanderer on Oct 10, 2020.
             Was an Initiate of Gozag.
             Mangled by an orc warrior
             ... wielding a +0 battleaxe
              (21 damage)
             ... on level 5 of the Dungeon.
             The game lasted 00:11:28 (8560 turns).

MajorAdolf the Cleaver (Naga Wanderer)              Turns: 8560, Time: 00:11:29

Health: -7/81      AC:  9    Str: 19    XL:     9   Next: 13%
Magic:  9/9        EV:  6    Int: 11    God:    Gozag
Gold:   528        SH: 15    Dex: 11    Spells: 8/8 levels left

rFire    . . .     SeeInvis +   a - +2 mace
rCold    . . .     Gourm    .   x - +0 tower shield
rNeg     . . .     Faith    .   l - +3 leather armour
rPois    +         Spirit   .   p - +0 helmet
rElec    .         Reflect  .   (no cloak)
rCorr    .         Harm     .   m - +0 pair of gloves
MR       +....                  (no barding)
Stlth    ++........             (no amulet)
HPRegen  0.23/turn              (no ring)
MPRegen  0.11/turn              (no ring)

@: short of breath, very slow
A: large, see invisible, deformed body, poison resistance, slowness 2, slow
metabolism 1, spit poison 1, AC +3
a: Spit Poison, Potion Petition, Call Merchant, Bribe Branch, Renounce Religion


You were on level 5 of the Dungeon.
You worshipped Gozag.
Gozag was pleased with you.
You were not hungry.

You visited 2 branches of the dungeon, and saw 7 of its levels.

You collected 587 gold pieces.
You paid 59 gold pieces to Gozag.

Inventory:

Hand Weapons
 a - a +2 mace (weapon)
 b - a +1 dagger of venom
 k - a +0 hand axe
Armour
 e - a +0 buckler
 l - a +3 leather armour (worn)
 m - a +0 pair of gloves (worn)
 p - a +0 helmet (worn)
 x - a +0 tower shield (worn)
Jewellery
 w - an uncursed ring of protection from cold {unknown}
Wands
 c - a wand of random effects (7)
 q - a wand of acid (1)
Scrolls
 f - a scroll of magic mapping
 g - a scroll of fog
 h - 2 scrolls of remove curse
 i - a scroll of teleportation {unknown}
 s - a scroll of noise {unknown}
 v - a scroll of enchant weapon {unknown}
Potions
 j - 3 potions of curing
 o - 2 potions of brilliance
 r - a potion of berserk rage
 t - a potion of flight
 u - a potion of heal wounds
 z - a potion of stabbing {unknown}
Comestibles
 d - 6 rations


   Skills:
 - Level 5.0 Fighting
 - Level 8.0(8.1) Axes
 - Level 1.0(5.1) Maces & Flails
 - Level 1.5 Armour
 - Level 4.5 Stealth
 + Level 6.3 Shields
 - Level 1.0 Evocations


You had 8 spell levels left.
You didn't know any spells.
Your spell library was empty.

Dungeon Overview and Level Annotations

Branches:
Dungeon (6/15)             Temple (1/1) D:4

Altars:
Ashenzari
Cheibriados
Dithmenos
Elyvilon
Gozag
Hepliaklqana
Kikubaaqudgha
Makhleb
Nemelex Xobeh
Okawaru
Qazlal
Ru
Sif Muna
Vehumet
Wu Jian
Xom
Yredelemnul
Zin
The Shining One

Annotations:
D:4 Dowan, Duvessa
D:6 Menkaure


Innate Abilities, Weirdness & Mutations

You cannot wear boots.
Your serpentine skin is tough. (AC +3)
You have supernaturally acute eyesight. (SInv)
Armour fits poorly on your strangely shaped body.
Your system is resistant to poisons. (rPois)
You cover ground very slowly.
You have a slow metabolism.
You can spit poison.


Message History

You hit the orc warrior.
The orc warrior is heavily wounded.
The orc warrior hits you with a +0 battleaxe.
Evoke which item? (* to show all) (? for menu, Esc to quit)
Aiming: Random Effects
Press: ? - help, Shift-Dir - straight line, f/p - orc warrior
Aim: an orc warrior, wielding a +0 battleaxe and wearing a +0 chain mail (heavily wounded)
The orc warrior resists with significant effort.
The orc warrior hits you with a +0 battleaxe!!
* * * LOW HITPOINT WARNING * * *
Okay, then.
Press: ? - help, Shift-Dir - straight line, f/p - orc warrior
Aim: an orc warrior, wielding a +0 battleaxe and wearing a +0 chain mail (heavily wounded)
The splash of poison hits the orc warrior!
The orc warrior is poisoned.
The orc warrior is severely wounded.
You feel slightly more hungry.
The orc warrior hits you with a +0 battleaxe!!
You die...
Your body crumbles into a pile of gold.

###.................##
####.................#
#.###.............##.##
._.###..........#####.#
#.###..........## #.##
####.........### ##.##
###...........### ##.#
.#......#...<...### ###
................@.###
##..........##.o....##
####........######...###
# #........# ####..# ##
#........# ####
.####.......# ##.#
..###.......## ##.##
..##.........## ##.##
.......####...####..#


You could see an orc warrior (poisoned).

Vanquished Creatures
  Maggie (D:6)
  A sky beast (D:5)
  An ice beast (D:6)
  A phantom (D:4)
  2 ogres
  A centaur (D:5)
  3 big kobolds
  2 bullfrogs (D:5)
  A scorpion (D:6)
  A howler monkey (D:5)
  3 crimson imps (D:5)
  A jelly (D:6)
  5 orc priests (D:6)
  Terence (D:3)
  An iguana (D:4)
  3 orc wizards
  A worker ant (D:5)
  2 hound skeletons (D:4)
  A worker ant zombie (D:6)
  6 adders
  3 oozes
  An adder skeleton (D:4)
  3 worms
  2 dart slugs
  6 leopard geckos
  11 orcs
  3 ball pythons
  10 bats
  6 giant cockroaches
  16 goblins
  15 hobgoblins
  6 jackals (D:1)
  A quokka (D:2)
  5 frilled lizards
  19 kobolds
  2 quokka skeletons
  7 rats
154 creatures vanquished.

Notes
Turn   | Place    | Note
-------+----------+-------------------------------------------
     0 | D:1      | MajorAdolf the Naga Wanderer began the quest for the Orb.
     0 | D:1      | MajorAdolf set off with the following items: a +2 mace, a
                  | +0 ring mail, a wand of random effects (15), a ration
     0 | D:1      | Reached XP level 1. HP: 25/25 MP: 1/1
    73 | D:1      | Reached XP level 2. HP: 14/32 MP: 2/2
   455 | D:1      | Reached skill level 1 in Shields
   523 | D:1      | Reached XP level 3. HP: 15/39 MP: 3/3
  1536 | D:2      | Reached XP level 4. HP: 46/46 MP: 4/4
  1783 | D:2      | Reached skill level 1 in Axes
  2561 | D:3      | Reached skill level 2 in Axes
  2593 | D:3      | Noticed Terence
  2621 | D:3      | Killed Terence
  2621 | D:3      | Reached XP level 5. HP: 45/52 MP: 5/5
  2799 | D:3      | Reached skill level 3 in Axes
  3243 | D:4      | Noticed an ogre
  3284 | D:4      | Killed an ogre
  3284 | D:4      | Reached skill level 4 in Axes
  3284 | D:4      | Reached XP level 6. HP: 50/61 MP: 6/6
  3600 | D:4      | Noticed a phantom
  3634 | D:4      | Killed a phantom
  3634 | D:4      | Reached skill level 5 in Axes
  3901 | D:4      | Found a staircase to the Ecumenical Temple.
  4280 | D:4      | Reached XP level 7. HP: 47/67 MP: 7/7
  4409 | D:4      | Noticed Duvessa
  4410 | D:4      | Noticed Dowan
  4761 | Temple   | Entered the Ecumenical Temple
  4860 | Temple   | Became a worshipper of Gozag Ym Sagoz the Greedy
  4908 | D:5      | Entered Level 5 of the Dungeon
  4997 | D:5      | Reached skill level 6 in Axes
  5022 | D:5      | HP: 1/67 [shot self (9)]
  5369 | D:5      | Reached skill level 7 in Axes
  5721 | D:5      | Reached XP level 8. HP: 73/74 MP: 8/8
  5832 | D:5      | Reached skill level 8 in Axes
  6045 | D:5      | Found a sparkling altar of Nemelex Xobeh.
  6739 | D:6      | Noticed Menkaure
  7901 | D:6      | Noticed Maggie
  7923 | D:6      | Killed Maggie
  7923 | D:6      | Reached skill level 5 in Shields
  7923 | D:6      | Reached XP level 9. HP: 36/81 MP: 9/9
  8560 | D:5      | Mangled by an orc warrior

Illustrated notes

Levels and vault maps discovered:
D:1:      mrwooster_arrival_arrow, layout_basic
D:2:      layout_rooms
D:3:      cheibrodos_greedy_goblins, layout_loops_ring, uniq_terence
D:4:      layout_loops_ring, minmay_temple_entry_junction, uniq_duvessa
D:5:      cheibrodos_thug_alley, layout_layer_cave, first_ration, serial_glass,
          glass_columns_a, glass_columns_b, minmay_misc_feat_secret_circle,
          nemelex_diamond_rough_becter
D:6:      layout_basic, uniq_maggie, uniq_menkaure
Temple:   compressed_dpeg_circular_temple

Skill      XL: |  1  2  3  4  5  6  7  8  9 |
---------------+----------------------------+-----
Stealth        | 2 3 4 |  4.5
Shields        | 1 5 6 |  6.3
Axes           | 2 4 5 7 8 |  8.0
Fighting       | |  5.0
Maces & Flails | |  1.0
Armour         | |  1.5
Evocations     | |  1.0

Action                   |  1- 3 |  4- 6 |  7- 9 || total
-------------------------+-------+-------+-------++-------
Melee: Mace              |    81 |   240 |   295 ||   616
 Abil: Spit Poison       |    12 |     9 |     2 ||    23
Evoke: Wand              |       |     9 |    16 ||    25
  Use: Scroll            |       |     6 |     5 ||    11
       Potion            |       |       |     1 ||     1
 Stab: Sleeping          |     5 |     7 |     4 ||    16
       Confused          |       |     1 |       ||     1
       Distracted        |       |       |     3 ||     3
       Paralysed         |       |       |     1 ||     1
  Eat: Chunk             |     1 |     8 |     2 ||    11
       Ration            |       |       |     3 ||     3
Armor: Skin              |    13 |     3 |       ||    16
       Leather armour    |       |   102 |   139 ||   241
Dodge: Dodged            |    50 |   115 |    94 ||   259
Block: Buckler           |    15 |    41 |    27 ||    83
       Tower shield      |       |       |   130 ||   130
